 Dungeon Crawl Stone Soup version 0.14-a0-2950-gbe29d66 (webtiles) character file.

1385 Kae the Spear-Bearer (level 8, 0/67 HPs)
             Began as a Naga Gladiator on Mar 4, 2014.
             Was an Elder of Cheibriados.
             Slain by a hippogriff skeleton (4 damage)
             ... on Level 6 of the Dungeon.
             The game lasted 00:10:46 (5696 turns).

Kae the Spear-Bearer (Naga Gladiator)               Turns: 5696, Time: 00:10:46

HP   0/67        AC 11     Str 29      XL: 8   Next: 33%
MP  14/14        EV 10     Int 20      God: Cheibriados [****..]
Gold 278         SH  0     Dex 19      Spells:  0 memorised,  7 levels left

rFire  . . .     SeeInvis +     a - +0 trident
rCold  + . .     Clarity  .     l - +0 orc ring mail
rNeg   . . .     Conserve +     (no shield)
rPois  +         rCorr    .     c - +1 helmet
rElec  .         rRot     .     J - +2 cloak
SustAb . .       Spirit   .     (no gloves)
rMut   .         Warding  .     (no barding)
Saprov . . .     Stasis   .     w - amulet of conservation
MR     +....                    t - ring of wizardry
                                C - ring of protection from cold

@: very slow, somewhat resistant to hostile enchantments, very unstealthy
A: spit poison, claws 1, see invisible, blink 1, clumsy 1, deformed body, poison
resistance, slowness 2, AC +2
a: Spit Poison, Blink, Bend Time, Temporal Distortion, Slouch, Renounce Religion


You were on level 6 of the Dungeon.
You worshipped Cheibriados.
Cheibriados was greatly pleased with you.
You were not hungry.

You visited 1 branch of the dungeon, and saw 6 of its levels.

You collected 278 gold pieces.

Inventory:

Hand weapons
 a - a +0,+0 trident (weapon)
 j - a +1,+2 trident of flaming
 n - a +0,+0 scythe
Missiles
 d - 2 throwing nets (quivered)
Armour
 c - a +1 helmet (worn)
 l - a +0 orcish ring mail (worn)
 J - a +2 cloak (worn)
Magical devices
 e - a wand of magic darts (0)
Comestibles
 f - 4 bread rations
 o - a royal jelly
 u - a lemon
 x - a meat ration
 z - 2 chokos
Scrolls
 g - 2 scrolls of fog
 h - 4 scrolls of identify
 p - 3 scrolls of magic mapping
 s - a scroll of remove curse
 B - 2 scrolls of enchant armour
 D - a scroll of recharging
 F - a scroll of teleportation
 K - a scroll of blinking
Jewellery
 t - a ring of wizardry (right claw)
 w - an amulet of conservation (around neck)
 C - a ring of protection from cold (left claw)
Potions
 i - a potion of berserk rage
 k - a potion of resistance {unknown}
 m - a potion of invisibility
 q - a potion of paralysis {unknown}
 r - a potion of cure mutation {unknown}
 v - 2 potions of curing
 A - a potion of confusion {unknown}
 E - a potion of restore abilities
 H - 2 potions of might {unknown}


   Skills:
 - Level 2.0 Fighting
 * Level 8.2 Polearms
 - Level 1.7 Throwing
 + Level 3.0 Armour
 - Level 2.4 Dodging
 + Level 4.1 Invocations


You had 7 spell levels left.
You didn't know any spells.

Dungeon Overview and Level Annotations

Branches:
Dungeon (6/16)             Temple (0/1) D:4

Altars:
Cheibriados
Nemelex Xobeh
Sif Muna
Trog
Xom
Yredelemnul

Annotations:
D:2 Sigmund


Innate Abilities, Weirdness & Mutations

You cannot wear boots.
You can spit poison.
Your serpentine skin is tough (AC +2).
You have supernaturally acute eyesight.
Armour fits poorly on your strangely shaped body.
Your system is resistant to poisons.
You cover ground very slowly.
You have sharp fingernails.
You can translocate small distances at will.
You are clumsy. (Dex -2)


Message History

Press: ? - help, Dir - move target cursor, f - giant eyeball
Aim: a giant eyeball You reach to attack!
You puncture the giant eyeball!
The giant eyeball is severely wounded.
The hippogriff skeleton bites you but does no damage.
The hippogriff skeleton pecks you but does no damage.
The hippogriff skeleton claws you.
* * * LOW HITPOINT WARNING * * *
Attack whom?
Press: ? - help, Dir - move target cursor, f/p - giant eyeball
Aim: a giant eyeball (severely wounded)
You reach to attack!
You hit the giant eyeball.
You kill the giant eyeball!
The hippogriff skeleton bites you but does no damage.
The hippogriff skeleton pecks you but does no damage.
The hippogriff skeleton misses you.
The hippogriff skeleton bites you but does no damage.
The hippogriff skeleton pecks you but does no damage.
The hippogriff skeleton claws you.
You die...

###.######.... ..#
#....B....#######.#
#...........#.# ###
#.###.##......# #....#
#...#..'......###.##.#
#...###.####.......##.##.#
#..................'.....##
#..###...#.Z.......##......
.......#@####....##......
....##..#.................
.##. ...####.....####.))..
. .#.##..'.).#.# ##.%...
...... .##...#'# #...... .
#.. ........ #...... .
........##.##### ......+..
...###


You could see a hippogriff skeleton.

Vanquished Creatures
  Grinder (D:3)
  A sky beast (D:5)
  A giant frog (D:6)
  2 orc priests
  5 crimson imps
  A hound (D:4)
  Crazy Yiuf (D:5)
  A giant frog skeleton (D:5)
  2 orc wizards (D:6)
  Natasha (twice) (D:3)
  2 worker ants (D:4)
  Ijyb (D:3)
  Terence (D:3)
  A hound skeleton (D:5)
  A gnoll (D:1)
  9 adders
  4 giant mites
  A shadow imp (D:3)
  3 worms
  A giant eyeball (D:6)
  2 oozes
  12 orcs
  A ball python (D:6)
  9 bats
  A bat zombie (D:5)
  4 giant cockroaches
  13 goblins
  6 hobgoblins
  3 giant geckos
  7 giant newts
  A giant newt skeleton (D:4)
  A giant spore (D:6)
  10 kobolds
  A kobold zombie (D:5)
  An orc zombie (D:6)
  4 quokkas
  11 rats
  4 ballistomycetes (D:6)
132 creatures vanquished.

Vanquished Creatures (others)
  A ballistomycete (D:6)
1 creature vanquished.

Grand Total: 133 creatures vanquished

Notes
Turn   | Place    | Note
--------------------------------------------------------------
     0 | D:1      | Kae, the Naga Gladiator, began the quest for the Orb.
     0 | D:1      | Reached XP level 1. HP: 19/19 MP: 1/1
     7 | D:1      | Reached XP level 2. HP: 23/26 MP: 2/2
   279 | D:1      | Reached skill level 4 in Polearms
   314 | D:1      | Reached XP level 3. HP: 30/32 MP: 3/3
   451 | D:2      | Found a shimmering altar of Xom.
   466 | D:2      | Found a bloodstained altar of Trog.
   467 | D:2      | Found a snail-covered altar of Cheibriados.
   489 | D:2      | Became a worshipper of Cheibriados the Contemplative
   619 | D:2      | Noticed Sigmund
   745 | D:1      | Reached XP level 4. HP: 25/39 MP: 4/4
  1156 | D:2      | Reached skill level 5 in Polearms
  1580 | D:3      | Gained mutation: You can translocate small distances at will. [potion of mutation]
  1580 | D:3      | Gained mutation: You have sharp fingernails. [potion of mutation]
  1580 | D:3      | Gained mutation: You are clumsy. (Dex -2) [potion of mutation]
  1647 | D:3      | Noticed Grinder
  1660 | D:3      | HP: 1/39 [Grinder (2)]
  1985 | D:3      | Noticed Ijyb
  2005 | D:3      | Killed Ijyb
  2285 | D:3      | Reached XP level 5. HP: 43/45 MP: 5/5
  2862 | D:3      | Noticed Terence
  2862 | D:3      | Noticed Natasha
  2868 | D:3      | Killed Terence
  2868 | D:3      | Reached skill level 6 in Polearms
  2887 | D:3      | HP: 3/67 [Natasha/magic dart (8)]
  2888 | D:3      | Killed Natasha
  3104 | D:3      | Reached skill level 1 in Invocations
  3333 | D:3      | Noticed Natasha
  3336 | D:3      | Killed Natasha
  3336 | D:3      | Reached XP level 6. HP: 41/52 MP: 7/7
  3406 | D:3      | Killed Grinder
  3406 | D:3      | Reached skill level 1 in Armour
  3406 | D:3      | Reached XP level 7. HP: 21/60 MP: 7/9
  3925 | D:4      | Reached skill level 7 in Polearms
  4042 | D:4      | Found a staircase to the Ecumenical Temple.
  4271 | D:4      | Found a deep blue altar of Sif Muna.
  4276 | D:4      | Found a basalt altar of Yredelemnul.
  4376 | D:4      | Acquired Cheibriados' first power
  4377 | D:4      | Found a sparkling altar of Nemelex Xobeh.
  4514 | D:5      | Entered Level 5 of the Dungeon
  4712 | D:5      | Noticed Crazy Yiuf
  4720 | D:5      | Killed Crazy Yiuf
  5087 | D:5      | Reached XP level 8. HP: 56/67 MP: 13/13
  5282 | D:5      | Acquired Cheibriados' second power
  5312 | D:6      | Reached skill level 8 in Polearms
  5673 | D:6      | Paralysed by a giant eyeball for 2 turns
  5693 | D:6      | HP: 3/67 [hippogriff skeleton (4)]
  5696 | D:6      | Slain by a hippogriff skeleton

Action                   |  1- 3 |  4- 6 |  7- 9 || total
-------------------------+-------+-------+-------++-------
Melee: Trident           |    68 |    42 |   243 ||   353
       Scythe            |       |   127 |       ||   127
Throw: Throwing net      |       |       |     3 ||     3
Invok: Bend Time         |       |     1 |       ||     1
 Abil: Blink             |       |     1 |       ||     1
       Spit Poison       |       |       |     1 ||     1
  Use: Scroll            |     6 |     6 |     6 ||    18
       Potion            |       |     8 |       ||     8
 Stab: Distracted        |       |     1 |     1 ||     2
       Held in net/web   |       |       |     1 ||     1
